 Dungeon Crawl Stone Soup version 0.30-a0-900-g23479c02f2 (webtiles) character file.

Game seed: 9404751418897363712

31 Iniera the Conjurer (level 3, 0/16 HPs)
             Began as a Vine Stalker Conjurer on Mar 18, 2023.
             Slain by an iguana (12 damage)
             ... on level 2 of the Dungeon.
             The game lasted 00:01:31 (1308 turns).

Iniera the Conjurer (Vine Stalker Conjurer)         Turns: 1308, Time: 00:01:32

Health: 0/16       AC:  2    Str:  9    XL:     3   Next: 22%
Magic:  0/8        EV: 12    Int: 20    God:
Gold:   16         SH:  0    Dex: 12    Spells: 5/8 levels left

rFire   . . .      SeeInvis .    i - +1 dagger (protect)
rCold   . . .      Faith    .    (no shield)
rNeg    . . .      Spirit   +    a - +0 robe
rPois   .          Reflect  .    (no helmet)
rElec   .          Rampage  .    (no cloak)
rCorr   .                        (no gloves)
Will    .....                    (no boots)
Stlth   ++                       d - amulet of regeneration
HPRegen 1.02/turn                (no ring)
MPRegen 0.11/turn                (no ring)

@: no status effects
A: fangs 2, magic shield, antimagic bite, no potion heal 2
a: no special abilities


You were on level 2 of the Dungeon.
You visited 1 branch of the dungeon, and saw 2 of its levels.

You collected 16 gold pieces.

Inventory:

Hand Weapons
 i - a +1 dagger of protection (weapon)
 l - a +0 dagger of freezing
Armour
 a - a +0 robe (worn)
Magical Staves
 m - a staff of earth
Jewellery
 d - an amulet of regeneration (around neck)
Scrolls
 c - 2 scrolls of immolation {unknown}
 e - 2 scrolls of identify {unknown}
 f - a scroll of enchant weapon {unknown}
 j - a scroll of amnesia {unknown}
Potions
 b - a potion of magic
 g - 3 potions of might {unknown}
 h - a potion of brilliance {unknown}
 k - a potion of heal wounds {unknown}


   Skills:
 - Level 1.5 Dodging
 - Level 2.4 Stealth
 * Level 3.3 Spellcasting
 + Level 4.3 Conjurations


You had 5 spell levels left.
You knew the following spells:

 Your Spells              Type           Power      Damage    Failure   Level
a - Magic Dart            Conj           80%        1d7       2%          1
b - Searing Ray           Conj           40%        2d5       3%          2

Your spell library contained the following spells:

 Spells                   Type           Power      Damage    Failure   Level
 Summon Small Mammal      Summ           12%        N/A       14%         1
 Dazzling Flash           Conj/Hex       24%        N/A       17%         3
 Fulminant Prism          Conj/Hex       6%         3d7       50%         4
 Iskenderun's Mystic Bla  Conj/Tloc      12%        2d5       50%         4


Dungeon Overview and Level Annotations

Branches:
Dungeon (2/15)

Altars:

Shops:
D:1 ::


Innate Abilities, Weirdness & Mutations

You have extremely sharp teeth.
When hurt, damage is shared between your health and your magic reserves.
Your bite disrupts and absorbs the magic of your enemies.
Potions cannot restore your health.


Message History

A goblin is nearby!
A goblin is nearby!
The magic dart hits the goblin.
The goblin is moderately wounded.
The goblin shouts!
The magic dart hits the goblin.
You kill the goblin!
An iguana comes into view.
Found a bubbling ruby potion and 7 stones.
An iguana is nearby!
An iguana is nearby!
The magic dart hits the iguana.
The iguana is lightly wounded.
You can't see any susceptible monsters within range! (Use Z to cast anyway.)
You can't see any susceptible monsters within range! (Use Z to cast anyway.)
An iguana is nearby!
The magic dart hits the iguana.
The iguana is moderately wounded.
The magic dart hits the iguana but does no damage.
The iguana is moderately wounded.
An iguana is nearby!
The magic dart hits the iguana but does no damage.
The iguana is moderately wounded.
The iguana bites you!
The magic dart hits the iguana.
The iguana is moderately wounded.
The iguana closely misses you.
Casting: Magic Dart (safe; 2% risk of failure)
Confirm with . or Enter, or press ? or * to list all spells.
Aiming: Searing Ray (safe; 3% risk of failure)
Press: ? - help, Shift-Dir - straight line, f/p - iguana
Aim: an iguana (moderately wounded, 81% to hit)
The searing ray hits the iguana.
The iguana is heavily wounded. (Press . to maintain the ray.)
The iguana bites you but does no damage.
The iguana attacks as you move away! The iguana bites you.
The iguana attacks as you move away! The iguana bites you!
Ouch! That really hurt!
You die...

#..........#######.#.....#.
########.#..### #.#.#.#.#.
....)...##.#..# ##...#.#...
#.###.##.#..#.###.#####.####
# ##.#.#.##.(# #.#
#.#.#.#...# #.# #.#.#.##..#
... ##.###.#.#.##..#.# ###
.........@l.......#
........#.............
.####.#####.##.#####.. #.
#.##.# .. ..##!# ## #####.#
#.. ...


You could see an iguana.

Vanquished Creatures
  A dart slug (D:1)
  5 endoplasms (D:1)
  2 giant cockroaches (D:1)
  5 goblins
  3 hobgoblins (D:1)
  A ball python (D:1)
  A bat (D:1)
  A frilled lizard (D:1)
  4 kobolds
  3 rats (D:1)
26 creatures vanquished.

Notes
Turn   | Place    | Note
-------+----------+-------------------------------------------
     0 | D:1      | Iniera the Vine Stalker Conjurer began the quest for the
                  | Orb.
     0 | D:1      | Reached XP level 1. HP: 9/9 MP: 4/4
   207 | D:1      | Reached XP level 2. HP: 13/13 MP: 0/6
   451 | D:1      | Found Naonor's Book Emporium.
   615 | D:1      | Learned a level 2 spell: Searing Ray
   726 | D:1      | Found a faded altar of an unknown god.
   750 | D:1      | Got Plato's Volume of the Familiar
   894 | D:1      | Reached XP level 3. HP: 16/16 MP: 5/8
  1149 | D:1      | Found Puj Dief's Book Shop.
  1308 | D:2      | Slain by an iguana

Illustrated notes

Levels and vault maps discovered:
D:1:      dpeg_arrival_round_b, layout_basic,
          shapermc_ecumenical_altar_rom_forum, serial_shops,
          nicolae_square_shop, nicolae_shop_statue_plus
D:2:      layout_loops_ring, minmay_misc_feat_ornament, uniq_crazy_yiuf_cottage

Skill      XL: |  1  2 |
---------------+-------+-----
Spellcasting   | 3 |  3.3
Dodging        | |  1.5
Stealth        | |  2.4
Conjurations   | |  4.3

Action                     || total
---------------------------++-------
  Melee: Unarmed           ||     6
         Bite              ||     6
         Dagger            ||     8
   Cast: Magic Dart        ||    46
         Searing Ray       ||     2
 Armour: Robe              ||     5
  Dodge: Dodged            ||     9

Table legend: (Time is in decaauts)
 A = Elapsed time spent in this place.
 B = Non-inter-level travel time spent in this place.
 C = Inter-level travel time spent in this place.
 D = Time resting spent in this place.
 E = Time spent auto-exploring this place.
 F = Levels seen in this place.
 G = Mean time per level.
                   A        B        C        D        E       F      G
               +--------+--------+--------+--------+--------+-----+--------+
         Total |   1307 |   1278 |     29 |     36 |   1093 |   2 |  653.5 |
       Dungeon |   1307 |   1278 |     29 |     36 |   1093 |   2 |  653.5 |
               +--------+--------+--------+--------+--------+-----+--------+

Top non-repeatable levels by time:
     D:1: 1185 daAuts
     D:2: 121 daAuts
